| TOP OF THE 1ST |
|
Kennewick Bear Cubs batting - Pitching for Lewiston Broncs : RHP Eric King
|
|
Pitching: RHP Eric King
|
|
|
Batting: RHB Matthew Sferrazza
|
0-0: Foul Ball, location: 2F 0-1: Ball 1-1: Ball 2-1: SINGLE (Groundball, 56D, EV 100.6 MPH)
|
|
Batting: SHB Eriberto Them
|
0-0: Ball 1-0: Called Strike 1-1: Grounds out, U3 (Groundball, 3L, EV 109.4 MPH)
|
|
Batting: LHB Jose Birriel
|
0-0: Ball Wild Pitch! Matthew Sferrazza to third 1-0: Ball 2-0: Ball 3-0: Base on Balls
|
|
Batting: RHB Jonathan Black
|
0-0: Swinging Strike 0-1: Swinging Strike 0-2: Grounds into double play, 6-4-3 (Groundball, 6, EV 85.0 MPH)
|
| Top of the 1st over - 0 runs, 1 hit, 0 errors, 1 left on base; Kennewick 0 - Lewiston 0 |
| BOTTOM OF THE 1ST |
|
Lewiston Broncs batting - Pitching for Kennewick Bear Cubs : LHP Ramon Mascorro
|
|
Pitching: LHP Ramon Mascorro
|
|
|
Batting: LHB Wayne Kirby
|
0-0: Ball 1-0: Called Strike 1-1: Ball 2-1: Foul Ball, location: 2F 2-2: Fly out, F7 (Line Drive, 7D, EV 100.6 MPH)
|
|
Batting: LHB Alex Hernandez
|
0-0: Swinging Strike 0-1: Called Strike 0-2: Ball 1-2: Ball 2-2: Ball 3-2: Foul Ball, location: 2F 3-2: Ground out 5-3 (Groundball, 56S, EV 73.1 MPH)
|
|
Batting: RHB Jeff Kunkel
|
0-0: Ball 1-0: Called Strike 1-1: Foul Ball, location: 2F 1-2: Foul Ball, location: 2F 1-2: Strikes out looking
|
| Bottom of the 1st over - 0 runs, 0 hits, 0 errors, 0 left on base; Kennewick 0 - Lewiston 0 |
| TOP OF THE 2ND |
|
Kennewick Bear Cubs batting - Pitching for Lewiston Broncs : RHP Eric King
|
|
Batting: RHB Roger Jensen
|
0-0: Ball 1-0: Ball 2-0: Foul Ball, location: 2F 2-1: DOUBLE (Line Drive, 9LM, EV 98.8 MPH)
|
|
Batting: RHB Ruben Machado
|
0-0: Swinging Strike 0-1: Ball 1-1: Called Strike 1-2: Ball 2-2: Ball 3-2: Base on Balls
|
|
Batting: LHB Shane Fairbanks
|
0-0: Ball 1-0: Ball 2-0: Grounds into double play, 4-6-3 (Groundball, 4, EV 86.3 MPH) Roger Jensen to third
|
|
Batting: LHB John Mizerock
|
0-0: Ball 1-0: Called Strike 1-1: Fly out, F8 (Flyball, 8RS, EV 90.0 MPH)
|
| Top of the 2nd over - 0 runs, 1 hit, 0 errors, 1 left on base; Kennewick 0 - Lewiston 0 |
| BOTTOM OF THE 2ND |
|
Lewiston Broncs batting - Pitching for Kennewick Bear Cubs : LHP Ramon Mascorro
|
|
Batting: RHB Bruce Castoria
|
0-0: Swinging Strike 0-1: Called Strike 0-2: Ball 1-2: Foul Ball, location: 2F 1-2: Strikes out looking
|
|
Batting: RHB Sal D'Alessandro
|
0-0: Ball 1-0: Foul Ball, location: 2F 1-1: Ball 2-1: Ball 3-1: Swinging Strike 3-2: Strikes out swinging
|
|
Batting: RHB Julio Marin
|
0-0: Called Strike 0-1: Ball 1-1: Foul Ball, location: 2F 1-2: Ground out 6-3 (Groundball, 6, EV 82.5 MPH)
|
| Bottom of the 2nd over - 0 runs, 0 hits, 0 errors, 0 left on base; Kennewick 0 - Lewiston 0 |
| TOP OF THE 3RD |
|
Kennewick Bear Cubs batting - Pitching for Lewiston Broncs : RHP Eric King
|
|
Batting: RHB William Nunez
|
0-0: Ball 1-0: Fly out, F7 (Line Drive, 7, EV 92.5 MPH)
|
|
Batting: RHB Matthew Sferrazza
|
0-0: Ball 1-0: Called Strike 1-1: Ball 2-1: Foul Ball, location: 2F 2-2: Foul Ball, location: 2F 2-2: Ball 3-2: Foul Ball, location: 2F 3-2: Foul Ball, location: 2F 3-2: Base on Balls
|
|
Batting: SHB Eriberto Them
|
0-0: Swinging Strike 0-1: Ball 1-1: Foul Ball, location: 2F 1-2: Ball 2-2: Ball 3-2: Foul Ball, location: 2F 3-2: Fly out, F8 (Flyball, 8LM, EV 91.9 MPH)
|
|
Batting: LHB Jose Birriel
|
0-0: Ball 1-0: Called Strike 1-1: Ball 2-1: Ball 3-1: Foul Ball, location: 2F 3-2: Fly out, F8 (Flyball, 78M, EV 83.8 MPH)
|
| Top of the 3rd over - 0 runs, 0 hits, 0 errors, 1 left on base; Kennewick 0 - Lewiston 0 |
| BOTTOM OF THE 3RD |
|
Lewiston Broncs batting - Pitching for Kennewick Bear Cubs : LHP Ramon Mascorro
|
|
Batting: RHB Steven Spalt
|
0-0: Ball 1-0: Foul Ball, location: 2F 1-1: Ball 2-1: Foul Ball, location: 2F 2-2: Ball 3-2: Ground out 6-3 (Groundball, 6, EV 107.5 MPH)
|
|
Batting: RHB Jay Roberts
|
0-0: Called Strike 0-1: Ball 1-1: Swinging Strike 1-2: Strikes out looking
|
|
Batting: RHB Joaquin Gonzalez
|
0-0: Called Strike 0-1: Ball 1-1: Fly out, F8 (Line Drive, 8LM, EV 96.3 MPH)
|
| Bottom of the 3rd over - 0 runs, 0 hits, 0 errors, 0 left on base; Kennewick 0 - Lewiston 0 |
| TOP OF THE 4TH |
|
Kennewick Bear Cubs batting - Pitching for Lewiston Broncs : RHP Eric King
|
|
Batting: RHB Jonathan Black
|
0-0: Called Strike 0-1: Ground out 5-3 (Groundball, 56S, EV 84.4 MPH)
|
|
Batting: RHB Roger Jensen
|
0-0: Ball 1-0: Foul Ball, location: 2F 1-1: Swinging Strike 1-2: Foul Ball, location: 2F 1-2: Ball 2-2: Strikes out swinging
|
|
Batting: RHB Ruben Machado
|
0-0: Ball 1-0: Called Strike 1-1: Fly out, F7 (Flyball, 7LS, EV 88.8 MPH)
|
| Top of the 4th over - 0 runs, 0 hits, 0 errors, 0 left on base; Kennewick 0 - Lewiston 0 |
| BOTTOM OF THE 4TH |
|
Lewiston Broncs batting - Pitching for Kennewick Bear Cubs : LHP Ramon Mascorro
|
|
Batting: LHB Wayne Kirby
|
0-0: Ball 1-0: Called Strike 1-1: Foul Ball, location: 2F 1-2: Ball 2-2: SINGLE (Groundball, 13, EV 81.9 MPH) (infield hit)
|
|
Batting: LHB Alex Hernandez
|
0-0: Called Strike 0-1: SINGLE (Groundball, 4MD, EV 101.3 MPH) Wayne Kirby to second Runner from 2nd tries for 3rd, SAFE, no throw by CF
|
|
Batting: RHB Jeff Kunkel
|
0-0: Called Strike 0-1: Foul Ball, location: 2F 0-2: Foul Ball, location: 2F 0-2: Fly out, F7 (Flyball, 7LM, EV 81.9 MPH) Runner from 3rd tags up, SCORES, throw by LF
|
|
Batting: RHB Bruce Castoria
|
0-0: Called Strike 0-1: Ball 1-1: Fielders Choice at 2nd, 6-4 (Groundball, 6, EV 81.9 MPH)
|
|
Batting: RHB Sal D'Alessandro
|
0-0: Ball 1-0: Foul Ball, location: 2F 1-1: Called Strike 1-2: Ball 2-2: Foul Ball, location: 2F 2-2: Ball 3-2: SINGLE (Groundball, 56D, EV 106.3 MPH) Bruce Castoria to second Bruce Castoria to third
|
|
Batting: RHB Julio Marin
|
0-0: Ball 1-0: Ball 2-0: Foul Ball, location: 2F 2-1: Ball 3-1: Base on Balls Sal D'Alessandro to second
|
|
Batting: RHB Steven Spalt
|
0-0: Swinging Strike 0-1: Foul Ball, location: 2F 0-2: Ball 1-2: Ball 2-2: Fielders Choice at 2nd, 6-4 (Groundball, 6, EV 82.5 MPH)
|
| Bottom of the 4th over - 1 run, 3 hits, 0 errors, 3 left on base; Kennewick 0 - Lewiston 1 |
| TOP OF THE 5TH |
|
Kennewick Bear Cubs batting - Pitching for Lewiston Broncs : RHP Eric King
|
|
Batting: LHB Shane Fairbanks
|
0-0: Ball 1-0: Ball 2-0: Ground out U3 (Groundball, 3, EV 87.5 MPH)
|
|
Batting: LHB John Mizerock
|
0-0: Called Strike 0-1: Ground out 6-3 (Groundball, 6D, EV 104.4 MPH)
|
|
Batting: RHB William Nunez
|
0-0: Ball 1-0: Fly out, F8 (Flyball, 8LXD, EV 94.4 MPH)
|
| Top of the 5th over - 0 runs, 0 hits, 0 errors, 0 left on base; Kennewick 0 - Lewiston 1 |
| BOTTOM OF THE 5TH |
|
Lewiston Broncs batting - Pitching for Kennewick Bear Cubs : LHP Ramon Mascorro
|
|
Batting: RHB Jay Roberts
|
0-0: TRIPLE (Line Drive, 9LD, EV 103.1 MPH)
|
|
Batting: RHB Joaquin Gonzalez
|
0-0: Called Strike 0-1: Ball 1-1: Ball 2-1: Ball 3-1: Base on Balls
|
|
Batting: LHB Wayne Kirby
|
0-0: Ball 1-0: Swinging Strike 1-1: DOUBLE (Flyball, 8LD, EV 102.5 MPH) Jay Roberts scores Joaquin Gonzalez to third
|
|
Batting: LHB Alex Hernandez
|
0-0: Swinging Strike 0-1: Ball 1-1: Foul Ball, location: 2F 1-2: Fly out, F7 (Flyball, 7LS, EV 90.0 MPH)
|
|
Batting: RHB Jeff Kunkel
|
0-0: Foul Ball, location: 2F 0-1: Ball 1-1: Ball 2-1: Ball 3-1: Base on Balls
|
|
Batting: RHB Bruce Castoria
|
0-0: Called Strike 0-1: Swinging Strike 0-2: Ball 1-2: Ball 2-2: Ball 3-2: Foul Ball, location: 2F 3-2: Base on Balls Joaquin Gonzalez scores Wayne Kirby to third Jeff Kunkel to second
|
|
Batting: RHB Sal D'Alessandro
|
0-0: Called Strike 0-1: Ball 1-1: Fly out, F9 (Flyball, 9LS, EV 88.1 MPH) Runner from 3rd tags up, OUT at HOME! 9-2
|
| Bottom of the 5th over - 2 runs, 2 hits, 0 errors, 2 left on base; Kennewick 0 - Lewiston 3 |
| TOP OF THE 6TH |
|
Kennewick Bear Cubs batting - Pitching for Lewiston Broncs : RHP Eric King
|
|
Batting: RHB Matthew Sferrazza
|
0-0: Ball 1-0: Ground out 6-3 (Groundball, 6, EV 104.4 MPH)
|
|
Batting: SHB Eriberto Them
|
0-0: Swinging Strike 0-1: Foul Ball, location: 2F 0-2: Foul Ball, location: 2F 0-2: Ball 1-2: Ball 2-2: SOLO HOME RUN (Flyball, 8RXD, EV 88.1 MPH), Distance : 444 ft
|
|
Batting: LHB Jose Birriel
|
0-0: Called Strike 0-1: Ball 1-1: Swinging Strike 1-2: Strikes out swinging
|
|
Batting: RHB Jonathan Black
|
0-0: Foul Ball, location: 2F 0-1: DOUBLE (Line Drive, 5D, EV 103.1 MPH)
|
|
Batting: RHB Roger Jensen
|
0-0: SINGLE (Groundball, 56D, EV 105.0 MPH) Jonathan Black to third Runner from 3rd tries for Home, SAFE, throw by LF to home
|
|
Batting: RHB Ruben Machado
|
0-0: Called Strike 0-1: Fly out, F8 (Flyball, 89XD, EV 93.1 MPH)
|
| Top of the 6th over - 2 runs, 3 hits, 0 errors, 1 left on base; Kennewick 2 - Lewiston 3 |
| BOTTOM OF THE 6TH |
|
Lewiston Broncs batting - Pitching for Kennewick Bear Cubs : LHP Ramon Mascorro
|
|
Batting: RHB Julio Marin
|
0-0: Called Strike 0-1: Swinging Strike 0-2: Fly out, F8 (Flyball, 8RXD, EV 106.3 MPH)
|
|
Batting: RHB Steven Spalt
|
0-0: Swinging Strike 0-1: Fly out, F7 (Flyball, 78S, EV 97.5 MPH)
|
|
Batting: RHB Jay Roberts
|
0-0: Called Strike 0-1: Fly out, F8 (Line Drive, 8RD, EV 86.3 MPH)
|
| Bottom of the 6th over - 0 runs, 0 hits, 0 errors, 0 left on base; Kennewick 2 - Lewiston 3 |
| TOP OF THE 7TH |
|
Kennewick Bear Cubs batting - Pitching for Lewiston Broncs : RHP Eric King
|
|
Batting: LHB Shane Fairbanks
|
0-0: Ball 1-0: Ball 2-0: SINGLE (Line Drive, 34D, EV 105.6 MPH)
|
|
Batting: LHB John Mizerock
|
0-0: Ball 1-0: Ball 2-0: Ball 3-0: Called Strike 3-1: Ground out U3 (Groundball, 34S, EV 86.9 MPH) Shane Fairbanks to second
|
|
Pinch Hitting: LHB Steven Morris
|
0-0: Ball 1-0: Called Strike 1-1: Ball Wild Pitch! Shane Fairbanks to third 2-1: Ball 3-1: Foul Ball, location: 2F 3-2: Foul Ball, location: 2F 3-2: Base on Balls
|
|
Batting: RHB Matthew Sferrazza
|
0-0: Ball 1-0: Ground out 5-3 (Groundball, 56S, EV 65.6 MPH) Steven Morris to second
|
|
Batting: SHB Eriberto Them
|
0-0: Ball 1-0: SINGLE (Groundball, 34D, EV 108.1 MPH) Shane Fairbanks scores Steven Morris to third Runner from 3rd tries for Home, SAFE, throw by RF to home Eriberto Them to second
|
|
Batting: LHB Jose Birriel
|
0-0: Ball 1-0: Swinging Strike 1-1: Foul Ball, location: 2F 1-2: Ground out 6-3 (Groundball, 6, EV 79.4 MPH)
|
| Top of the 7th over - 2 runs, 2 hits, 0 errors, 1 left on base; Kennewick 4 - Lewiston 3 |
| BOTTOM OF THE 7TH |
|
Lewiston Broncs batting - Pitching for Kennewick Bear Cubs : LHP Ramon Mascorro
|
|
Now at SS: Tony Diaz
|
|
|
Batting: RHB Joaquin Gonzalez
|
0-0: Fly out, F4 (Popup, 34D, EV 69.4 MPH)
|
|
Batting: LHB Wayne Kirby
|
0-0: Called Strike 0-1: Fly out, F7 (Flyball, 78D, EV 85.0 MPH)
|
|
Batting: LHB Alex Hernandez
|
0-0: Ball 1-0: Ball 2-0: Ball 3-0: Base on Balls
|
|
Batting: RHB Jeff Kunkel
|
0-0: Called Strike 0-1: Fly out, F3 (Popup, 34S, EV 80.6 MPH)
|
| Bottom of the 7th over - 0 runs, 0 hits, 0 errors, 1 left on base; Kennewick 4 - Lewiston 3 |
| TOP OF THE 8TH |
|
Kennewick Bear Cubs batting - Pitching for Lewiston Broncs : RHP Eric King
|
|
Batting: RHB Jonathan Black
|
0-0: Ball 1-0: SOLO HOME RUN (Flyball, 7LD, EV 98.8 MPH), Distance : 341 ft
|
|
Batting: RHB Roger Jensen
|
0-0: Ball 1-0: Ball 2-0: Foul Ball, location: 2F 2-1: Foul Ball, location: 2F 2-2: Strikes out looking
|
|
Batting: RHB Ruben Machado
|
0-0: Called Strike 0-1: Ball 1-1: Foul Ball, location: 2F 1-2: Strikes out swinging
|
|
Batting: LHB Shane Fairbanks
|
0-0: Called Strike 0-1: Called Strike 0-2: Reached on error, E5 (Groundball, 56, EV 77.5 MPH)
|
|
Batting: LHB John Mizerock
|
0-0: SINGLE (Groundball, 4MD, EV 108.8 MPH) Shane Fairbanks to second
|
|
Batting: LHB Tony Diaz
|
0-0: Called Strike 0-1: Fly out, F7 (Flyball, 78D, EV 97.5 MPH)
|
| Top of the 8th over - 1 run, 2 hits, 1 error, 2 left on base; Kennewick 5 - Lewiston 3 |
| BOTTOM OF THE 8TH |
|
Lewiston Broncs batting - Pitching for Kennewick Bear Cubs : LHP Ramon Mascorro
|
|
Batting: RHB Bruce Castoria
|
0-0: Ground out U3 (Groundball, 34, EV 101.9 MPH)
|
|
Batting: RHB Sal D'Alessandro
|
0-0: Called Strike 0-1: Called Strike 0-2: Strikes out swinging
|
|
Batting: RHB Julio Marin
|
0-0: Ball 1-0: Ball 2-0: Called Strike 2-1: Ball 3-1: Reached on error, E6 (Line Drive, 6, EV 62.5 MPH)
|
|
Batting: RHB Steven Spalt
|
0-0: Swinging Strike 0-1: Ball 1-1: Foul Ball, location: 2F 1-2: Ball 2-2: Ball 3-2: SINGLE (Line Drive, 9LS, EV 93.8 MPH) Julio Marin to second Julio Marin to third
|
|
Pinch Hitting: RHB Tony Cordova
|
0-0: Called Strike 0-1: Fly out, F9 (Flyball, 89S, EV 74.4 MPH)
|
| Bottom of the 8th over - 0 runs, 1 hit, 1 error, 2 left on base; Kennewick 5 - Lewiston 3 |
| TOP OF THE 9TH |
|
Kennewick Bear Cubs batting - Pitching for Lewiston Broncs : RHP Eric King
|
|
Pitching: RHP Bradley Burger
|
|
|
Now in RF: Tony Cordova
|
|
|
Batting: RHB Matthew Sferrazza
|
0-0: Ball 1-0: Called Strike 1-1: Foul Ball, location: 2F 1-2: Foul Ball, location: 2F 1-2: Foul Ball, location: 2F 1-2: Ball 2-2: Foul Ball, location: 2F 2-2: Ball 3-2: Base on Balls
|
|
Batting: SHB Eriberto Them
|
0-0: Swinging Strike 0-1: Called Strike 0-2: Ball 1-2: Strikes out looking
|
|
Batting: LHB Jose Birriel
|
0-0: Ball 1-0: Ball 2-0: Called Strike 2-1: Foul Ball, location: 2F 2-2: Foul Ball, location: 2F 2-2: SINGLE (Line Drive, 89M, EV 86.3 MPH) Matthew Sferrazza to second Runner from 2nd tries for 3rd, SAFE, throw by CF made to third
|
|
Batting: RHB Jonathan Black
|
0-0: Foul Ball, location: 2F 0-1: Ball 1-1: Foul Ball, location: 2F 1-2: Fly out, F8 (Flyball, 8RXD, EV 90.0 MPH) Runner from 3rd tags up, SCORES, no throw by CF
|
|
Batting: RHB Roger Jensen
|
0-0: Called Strike 0-1: Called Strike 0-2: DOUBLE (Flyball, 89D, EV 99.4 MPH) Jose Birriel to third Runner from 3rd tries for Home, SAFE, throw by CF to trailing runner, SAFE at third!
|
|
Batting: RHB Ruben Machado
|
0-0: Called Strike 0-1: Ball 1-1: Ball 2-1: Ball 3-1: Swinging Strike 3-2: Foul Ball, location: 2F 3-2: Ground out 5-3 (Groundball, 56, EV 84.4 MPH)
|
| Top of the 9th over - 2 runs, 2 hits, 0 errors, 1 left on base; Kennewick 7 - Lewiston 3 |
| BOTTOM OF THE 9TH |
|
Lewiston Broncs batting - Pitching for Kennewick Bear Cubs : LHP Ramon Mascorro
|
|
Batting: RHB Joaquin Gonzalez
|
0-0: Foul Ball, location: 2F 0-1: Foul Ball, location: 2F 0-2: Ball 1-2: Ball 2-2: Ball 3-2: Fly out, F7 (Flyball, 7D, EV 101.9 MPH)
|
|
Batting: LHB Wayne Kirby
|
0-0: Called Strike 0-1: Fly out, F3 (Popup, 3SF, EV 75.6 MPH)
|
|
Batting: LHB Alex Hernandez
|
0-0: Ball 1-0: Called Strike 1-1: Ground out 3-1 (Groundball, 34, EV 89.4 MPH)
|
| Bottom of the 9th over - 0 runs, 0 hits, 0 errors, 0 left on base; Kennewick 7 - Lewiston 3 |
|